MLB
ATLANTA BRAVES @ PITTSBURGH PIRATES
05/05/2099
 
TOP OF THE 1ST
Atlanta Braves batting - Pitching for Pittsburgh Pirates : LHP Mike Rutherford
Pitching: LHP Mike Rutherford
Batting: LHB Jordan Montijo 0-0: Fly out, F5 (Line Drive, 56, EV 75.0 MPH)
Batting: LHB Wade Ronsonet 0-0: Ball
1-0: Ground out 6-3 (Groundball, 4M, EV 87.5 MPH)
Batting: RHB Antonio Mejia 0-0: Called Strike
0-1: Ground out 6-3 (Groundball, 6S, EV 85.6 MPH)
Top of the 1st over - 0 runs, 0 hits, 0 errors, 0 left on base; Atlanta 0 - Pittsburgh 0
BOTTOM OF THE 1ST
Pittsburgh Pirates batting - Pitching for Atlanta Braves : RHP Ted Crockett
Pitching: RHP Ted Crockett
Batting: SHB Jamie Hoffman 0-0: Ball
1-0: Ball
2-0: Ball
3-0: Called Strike
3-1: Foul Ball, location: 7LDF
3-2: Foul Ball, location: 2RF
3-2: Foul Ball, location: 2F
3-2: Foul Ball, location: 7LSF
3-2: Base on Balls
Batting: RHB Randy Wilson 0-0: Ball
1-0: Foul Ball, location: 7LSF
1-1: Grounds into double play, 4-6-3 (Groundball, 34S, EV 81.9 MPH)
Batting: RHB Yoelbi Eugnio 0-0: Foul Ball, location: 2F
0-1: Foul Ball, location: 2F
0-2: DOUBLE (Flyball, 8LXD, EV 113.1 MPH)
Batting: RHB Zachary Gugliotta 0-0: Foul Ball, location: 3FF
0-1: Called Strike
0-2: Strikes out swinging
Bottom of the 1st over - 0 runs, 1 hit, 0 errors, 1 left on base; Atlanta 0 - Pittsburgh 0
TOP OF THE 2ND
Atlanta Braves batting - Pitching for Pittsburgh Pirates : LHP Mike Rutherford
Batting: RHB Ramon Carrion 0-0: Called Strike
0-1: Foul Ball, location: 9LMF
0-2: Ball
1-2: Ball
2-2: Strikes out looking
Batting: LHB Omar Carreon 0-0: Called Strike
0-1: Foul Ball, location: 7LMF
0-2: Ball
1-2: Foul Ball, location: 2F
1-2: Foul Ball, location: 3DF
1-2: Strikes out swinging
Batting: SHB Joe Richardson 0-0: DOUBLE (Line Drive, 89D, EV 98.1 MPH)
Batting: RHB Jonathan Allen 0-0: Called Strike
0-1: Ball
1-1: Swinging Strike
1-2: Ground out 5-3 (Groundball, 56, EV 80.0 MPH)
Top of the 2nd over - 0 runs, 1 hit, 0 errors, 1 left on base; Atlanta 0 - Pittsburgh 0
BOTTOM OF THE 2ND
Pittsburgh Pirates batting - Pitching for Atlanta Braves : RHP Ted Crockett
Batting: LHB Josue Lopez 0-0: Ball
1-0: Ground out 6-3 (Groundball, 56, EV 106.3 MPH)
Batting: RHB Carlos Flores 0-0: Called Strike
0-1: Ball
1-1: Swinging Strike
1-2: Ball
2-2: Ball
3-2: DOUBLE (Line Drive, 89XD, EV 102.5 MPH)
Batting: LHB Todd Schuller 0-0: Called Strike
0-1: Ground out 5-3 (Groundball, 56S, EV 90.0 MPH)
Batting: RHB Alex Velazquez 0-0: Fly out, F8 (Flyball, 8RM, EV 95.0 MPH)
Bottom of the 2nd over - 0 runs, 1 hit, 0 errors, 1 left on base; Atlanta 0 - Pittsburgh 0
TOP OF THE 3RD
Atlanta Braves batting - Pitching for Pittsburgh Pirates : LHP Mike Rutherford
Batting: LHB Mike Hancock 0-0: Ball
1-0: Ball
2-0: Ground out 4-3 (Groundball, 4, EV 82.5 MPH)
Batting: RHB Tim Reffner 0-0: Ball
1-0: Ball
2-0: Called Strike
2-1: Foul Ball, location: 2F
2-2: Strikes out swinging
Batting: LHB Jordan Montijo 0-0: Ball
1-0: Foul Ball, location: 5SF
1-1: Ball
2-1: Called Strike
2-2: Fly out, F4 (Line Drive, 4, EV 61.3 MPH)
Top of the 3rd over - 0 runs, 0 hits, 0 errors, 0 left on base; Atlanta 0 - Pittsburgh 0
BOTTOM OF THE 3RD
Pittsburgh Pirates batting - Pitching for Atlanta Braves : RHP Ted Crockett
Batting: RHB Chris Ward 0-0: SINGLE (Line Drive, 8LS, EV 101.3 MPH)
Batting: SHB Jamie Hoffman 0-0: Ball
1-0: Ball
2-0: Ball
3-0: Base on Balls
Chris Ward to second
Batting: RHB Randy Wilson 0-0: Ball
1-0: Called Strike
1-1: Foul Ball, location: 5FF
1-2: Foul Ball, location: 2F
1-2: Fly out, F4 (Popup, 34S, EV 66.3 MPH)
Batting: RHB Yoelbi Eugnio 0-0: Swinging Strike
0-1: Ball
1-1: Foul Ball, location: 23F
1-2: Foul Ball, location: 2F
1-2: Foul Ball, location: 3F
1-2: Ball
2-2: DOUBLE (Flyball, 78D, EV 96.9 MPH)
Chris Ward scores
Jamie Hoffman to third
Runner from 3rd tries for Home, SAFE, no throw by CF
Batting: RHB Zachary Gugliotta 0-0: Fly out, F4 (Line Drive, 4MD, EV 71.3 MPH)
Batting: LHB Josue Lopez 0-0: Called Strike
0-1: Ball
1-1: Ball
2-1: Foul Ball, location: 9LSF
2-2: Ball
3-2: Base on Balls
Batting: RHB Carlos Flores 0-0: Ball
1-0: Called Strike
1-1: Swinging Strike
1-2: Ball
2-2: Foul Ball, location: 5F
2-2: Ball
3-2: Base on Balls
Yoelbi Eugnio to third
Josue Lopez to second
Batting: LHB Todd Schuller 0-0: Ball
1-0: Ball
2-0: Called Strike
2-1: Fly out, F7 (Flyball, 7LM, EV 86.3 MPH)
Bottom of the 3rd over - 2 runs, 2 hits, 0 errors, 3 left on base; Atlanta 0 - Pittsburgh 2
TOP OF THE 4TH
Atlanta Braves batting - Pitching for Pittsburgh Pirates : LHP Mike Rutherford
Batting: LHB Wade Ronsonet 0-0: Ball
1-0: Ball
2-0: Ground out 4-3 (Groundball, 4S, EV 82.5 MPH)
Batting: RHB Antonio Mejia 0-0: Ball
1-0: Ball
2-0: Foul Ball, location: 2F
2-1: Foul Ball, location: 5F
2-2: Hit by Pitch
Batting: RHB Ramon Carrion 0-0: Ball
1-0: Ball
2-0: Foul Ball, location: 5FF
2-1: Foul Ball, location: 9LDF
2-2: DOUBLE (Line Drive, 78XD, EV 100.6 MPH)
Antonio Mejia to third
Runner from 3rd tries for Home, SAFE, no throw by CF
Batting: LHB Omar Carreon 0-0: DOUBLE (Flyball, 78XD, EV 103.8 MPH)
Ramon Carrion scores
Batting: SHB Joe Richardson 0-0: Called Strike
0-1: Ball
Omar Carreon steals 3rd base
1-1: SINGLE (Groundball, 5S, EV 70.0 MPH) (infield hit)
Omar Carreon scores
Batting: RHB Jonathan Allen 0-0: Ball
1-0: Called Strike
1-1: Swinging Strike
1-2: Foul Ball, location: 5SF
1-2: Ball
2-2: Ball
3-2: Base on Balls
Joe Richardson to second
Batting: LHB Mike Hancock 0-0: Fielders Choice at 2nd, 4-6 (Groundball, 4, EV 97.5 MPH)
Joe Richardson to third
Batting: RHB Tim Reffner 0-0: Called Strike
0-1: Swinging Strike
0-2: Ball
1-2: Ball
2-2: Strikes out looking
Top of the 4th over - 3 runs, 3 hits, 0 errors, 2 left on base; Atlanta 3 - Pittsburgh 2
BOTTOM OF THE 4TH
Pittsburgh Pirates batting - Pitching for Atlanta Braves : RHP Ted Crockett
Batting: RHB Alex Velazquez 0-0: Ball
1-0: Foul Ball, location: 23FF
1-1: SINGLE (Groundball, 56D, EV 97.5 MPH)
Batting: RHB Chris Ward 0-0: Ball
1-0: Fly out, F5 (Line Drive, 56, EV 75.6 MPH)
Batting: SHB Jamie Hoffman 0-0: Ball
1-0: Called Strike
1-1: Swinging Strike
1-2: SINGLE (Groundball, 34D, EV 97.5 MPH)
Alex Velazquez to second
Batting: RHB Randy Wilson 0-0: Called Strike
0-1: Called Strike
0-2: Ball
1-2: Ball
2-2: Ball
3-2: Base on Balls
Alex Velazquez to third
Jamie Hoffman to second
Batting: RHB Yoelbi Eugnio 0-0: Ball
1-0: Swinging Strike
1-1: Foul Ball, location: 2F
1-2: Strikes out swinging
Batting: RHB Zachary Gugliotta 0-0: DOUBLE (Flyball, 7LD, EV 97.5 MPH)
Alex Velazquez scores
Jamie Hoffman scores
Randy Wilson to third
Batting: LHB Josue Lopez 0-0: Ball
1-0: Ball
2-0: Foul Ball, location: 2F
2-1: Ball
Wild Pitch!
Randy Wilson scores
Zachary Gugliotta to third
3-1: Foul Ball, location: 7LSF
3-2: Ground out U3 (Groundball, 3S, EV 102.5 MPH)
Bottom of the 4th over - 3 runs, 3 hits, 0 errors, 1 left on base; Atlanta 3 - Pittsburgh 5
TOP OF THE 5TH
Atlanta Braves batting - Pitching for Pittsburgh Pirates : LHP Mike Rutherford
Batting: LHB Jordan Montijo 0-0: Foul Ball, location: 5DF
0-1: Ball
1-1: Ball
2-1: Foul Ball, location: 9LDF
2-2: Ball
3-2: Foul Ball, location: 7LDF
3-2: Foul Ball, location: 2F
3-2: SINGLE (Line Drive, 4M, EV 98.1 MPH)
Batting: LHB Wade Ronsonet 0-0: Ball
1-0: Ball
2-0: Ball
3-0: Base on Balls
Jordan Montijo to second
Batting: RHB Antonio Mejia 0-0: Ball
1-0: Fly out, F9 (Flyball, 89XD, EV 109.4 MPH)
Runner from 2nd tags up, SAFE at 3rd, no throw by RF
Batting: RHB Ramon Carrion 0-0: Ball
1-0: Called Strike
1-1: Called Strike
1-2: Ball
2-2: Fly out, F4 (Popup, 23, EV 83.8 MPH)
Pitching: RHP Bobby Keever
Batting: LHB Omar Carreon 0-0: Ball
1-0: Ball
2-0: Foul Ball, location: 3DF
2-1: Called Strike
2-2: TRIPLE (Line Drive, 89XD, EV 98.1 MPH)
Jordan Montijo scores
Wade Ronsonet scores
Batting: SHB Joe Richardson 0-0: Ball
1-0: Ball
2-0: Foul Ball, location: 2F
2-1: Swinging Strike
2-2: Ground out 6-3 (Groundball, P, EV 80.6 MPH)
Top of the 5th over - 2 runs, 2 hits, 0 errors, 1 left on base; Atlanta 5 - Pittsburgh 5
BOTTOM OF THE 5TH
Pittsburgh Pirates batting - Pitching for Atlanta Braves : RHP Ted Crockett
Batting: RHB Carlos Flores 0-0: Swinging Strike
0-1: Ball
1-1: SOLO HOME RUN (Flyball, 8LXD, EV 98.8 MPH), Distance : 411 ft
Pitching: RHP Pjotr de Graaf
Batting: LHB Todd Schuller 0-0: Ball
1-0: Ball
2-0: Foul Ball, location: 2F
2-1: Foul Ball, location: 3F
2-2: Foul Ball, location: 3F
2-2: Foul Ball, location: 7LMF
2-2: Foul Ball, location: 2LF
2-2: Fly out, F9 (Flyball, 9, EV 78.8 MPH)
Batting: RHB Alex Velazquez 0-0: Foul Ball, location: 7LSF
0-1: Ball
1-1: Foul Ball, location: 2F
1-2: Foul Ball, location: 2F
1-2: Ball
2-2: Ball
3-2: Base on Balls
Batting: RHB Chris Ward 0-0: Ball
1-0: Called Strike
1-1: Ball
2-1: Foul Ball, location: 2RF
2-2: Fly out, F8 (Flyball, 8LXD, EV 109.4 MPH)
Batting: SHB Jamie Hoffman 0-0: Ball
1-0: Called Strike
1-1: Ball
2-1: Ball
3-1: Foul Ball, location: 2F
3-2: Foul Ball, location: 2F
3-2: Base on Balls
Alex Velazquez to second
Pitching: RHP Randy Clymer
Batting: RHB Randy Wilson 0-0: Called Strike
0-1: Ball
1-1: Ball
2-1: Swinging Strike
2-2: Foul Ball, location: 25F
2-2: Ground out 2-3 (Groundball, 15S, EV 68.1 MPH)
Bottom of the 5th over - 1 run, 1 hit, 0 errors, 2 left on base; Atlanta 5 - Pittsburgh 6
TOP OF THE 6TH
Atlanta Braves batting - Pitching for Pittsburgh Pirates : RHP Bobby Keever
Batting: RHB Jonathan Allen 0-0: SINGLE (Groundball, 6MD, EV 100.0 MPH) (infield hit)
Batting: LHB Mike Hancock 0-0: Ball
Jonathan Allen steals 2nd base (no throw)
1-0: Swinging Strike
1-1: Foul Ball, location: 2F
1-2: Strikes out swinging
Batting: RHB Tim Reffner 0-0: Ball
1-0: Fly out, F9 (Line Drive, 9S, EV 96.3 MPH)
Batting: LHB Jordan Montijo 0-0: Foul Ball, location: 2F
0-1: Swinging Strike
0-2: Ball
1-2: Ground out 4-3 (Groundball, 4S, EV 71.9 MPH)
Top of the 6th over - 0 runs, 1 hit, 0 errors, 1 left on base; Atlanta 5 - Pittsburgh 6
BOTTOM OF THE 6TH
Pittsburgh Pirates batting - Pitching for Atlanta Braves : RHP Randy Clymer
Batting: RHB Yoelbi Eugnio 0-0: Ball
1-0: Called Strike
1-1: Called Strike
1-2: Strikes out looking
Batting: RHB Zachary Gugliotta 0-0: Ball
1-0: Fly out, F8 (Flyball, 8RXD, EV 111.3 MPH)
Batting: LHB Josue Lopez 0-0: Foul Ball, location: 9LSFF
0-1: Ball
1-1: Foul Ball, location: 3F
1-2: Ball
2-2: Ball
3-2: Ground out 6-3 (Groundball, 4M, EV 83.8 MPH)
Bottom of the 6th over - 0 runs, 0 hits, 0 errors, 0 left on base; Atlanta 5 - Pittsburgh 6
TOP OF THE 7TH
Atlanta Braves batting - Pitching for Pittsburgh Pirates : RHP Bobby Keever
Batting: LHB Wade Ronsonet 0-0: Ground out 2-3 (Groundball, 13S, EV 68.1 MPH)
Batting: RHB Antonio Mejia 0-0: Called Strike
0-1: Swinging Strike
0-2: Strikes out looking
Batting: RHB Ramon Carrion 0-0: Ball
1-0: Ball
2-0: Ball
3-0: Called Strike
3-1: Base on Balls
Batting: LHB Omar Carreon
Pitching: LHP Jo Sealy 0-0: Called Strike
0-1: Ball
1-1: Called Strike
1-2: Strikes out swinging
Top of the 7th over - 0 runs, 0 hits, 0 errors, 1 left on base; Atlanta 5 - Pittsburgh 6
BOTTOM OF THE 7TH
Pittsburgh Pirates batting - Pitching for Atlanta Braves : RHP Randy Clymer
Batting: RHB Carlos Flores 0-0: Ball
1-0: Foul Ball, location: 2F
1-1: Called Strike
1-2: Strikes out swinging
Batting: LHB Todd Schuller 0-0: Ball
1-0: Ball
2-0: Called Strike
2-1: Fly out, F5 (Popup, 56S, EV 80.0 MPH)
Batting: RHB Alex Velazquez 0-0: Ball
1-0: Ball
2-0: SINGLE (Line Drive, 56D, EV 100.0 MPH)
Pitching: RHP Andy Thomas
Batting: RHB Chris Ward 0-0: Ball
1-0: Foul Ball, location: 9LSF
1-1: Ball
2-1: Called Strike
2-2: DOUBLE (Line Drive, 9LM, EV 88.1 MPH)
Alex Velazquez to third
Batting: SHB Jamie Hoffman 0-0: Ball
1-0: Ball
2-0: Foul Ball, location: 2LF
2-1: SINGLE (Groundball, 4MD, EV 97.5 MPH)
Alex Velazquez scores
Chris Ward to third
Runner from 3rd tries for Home, SAFE, throw by CF to home
Jamie Hoffman to second
Batting: RHB Randy Wilson 0-0: Ball
1-0: Ball
2-0: Called Strike
2-1: Swinging Strike
2-2: Ball
3-2: Base on Balls
Batting: RHB Yoelbi Eugnio 0-0: Ball
1-0: Ball
2-0: Fly out, F9 (Flyball, 89M, EV 75.0 MPH)
Bottom of the 7th over - 2 runs, 3 hits, 0 errors, 2 left on base; Atlanta 5 - Pittsburgh 8
TOP OF THE 8TH
Atlanta Braves batting - Pitching for Pittsburgh Pirates : LHP Jo Sealy
Pitching: RHP Dana House
Batting: SHB Joe Richardson 0-0: Ball
1-0: TRIPLE (Groundball, 3L, EV 109.4 MPH)
Pinch Hitting: SHB Carlos Carballo 0-0: Ball
1-0: Ball
2-0: Ball
3-0: Called Strike
3-1: Swinging Strike
3-2: Base on Balls
Batting: LHB Mike Hancock 0-0: Ball
1-0: Foul Ball, location: 7LSF
1-1: Fly out, F8 (Flyball, 8LD, EV 103.8 MPH)
Runner from 3rd tags up, SCORES, throw by CF
Batting: RHB Tim Reffner 0-0: Ball
1-0: Fly out, F7 (Flyball, 7LSF, EV 94.4 MPH)
Lined into DP, 7-3 (Flyball, 7LSF, EV 94.4 MPH)
Top of the 8th over - 1 run, 1 hit, 0 errors, 0 left on base; Atlanta 6 - Pittsburgh 8
BOTTOM OF THE 8TH
Pittsburgh Pirates batting - Pitching for Atlanta Braves : RHP Andy Thomas
Now at 3B: Luis Saez
Batting: RHB Zachary Gugliotta 0-0: Fly out, F8 (Line Drive, 8LM, EV 95.6 MPH)
Batting: LHB Josue Lopez 0-0: Foul Ball, location: 2F
0-1: Ball
1-1: Called Strike
1-2: Ground out 4-3 (Groundball, 34, EV 104.4 MPH)
Batting: RHB Carlos Flores 0-0: Called Strike
0-1: Ground out 6-3 (Groundball, 6, EV 87.5 MPH)
Bottom of the 8th over - 0 runs, 0 hits, 0 errors, 0 left on base; Atlanta 6 - Pittsburgh 8
TOP OF THE 9TH
Atlanta Braves batting - Pitching for Pittsburgh Pirates : RHP Dana House
Batting: LHB Jordan Montijo 0-0: SINGLE (Line Drive, 5D, EV 101.3 MPH)
Batting: LHB Wade Ronsonet 0-0: Fielders Choice at 2nd, 4-6 (Groundball, 4M, EV 83.1 MPH)
Pinch Hitting: LHB Colin Garton 0-0: Foul Ball, location: 7LDF
0-1: Called Strike
0-2: Strikes out swinging
Batting: RHB Ramon Carrion 0-0: Fly out, F9 (Flyball, 89S, EV 87.5 MPH)
Top of the 9th over - 0 runs, 1 hit, 0 errors, 1 left on base; Atlanta 6 - Pittsburgh 8
Saturday, May 4th , 2024 - OOTP Baseball 24.11 Build 85